[Event "*** SCC Grand Prix: Titled Tuesday Blitz"]
[Site "Chess.com"]
[Date "2020.09.08"]
[Round "4"]
[White "ExcitingTrap"]
[Black "Oligan22"]
[Result "0-1"]
[WhiteElo "2287"]
[BlackElo "2462"]
[TimeControl "180+1"]
[EndTime "10:40:15 PDT"]
[Termination "Oligan22 won by resignation"]

1. e4 c6 2. d4 d5 3. Nd2 dxe4 4. Nxe4 Nf6 5. Nxf6+ exf6 6. c3 Bd6 7. Bd3 O-O 8. Ne2 Nd7 9. O-O Re8 10. Qc2 Nf8 11. Be3 Qc7 12. Ng3 Ng6 13. Rae1 Bg4 14. Bf5 Bxf5 15. Qxf5 Re7 16. Bd2 Rae8 17. Rxe7 Rxe7 18. Re1 Rxe1+ 19. Bxe1 Qe7 20. Qc8+ Nf8 21. Kf1 g6 22. Bd2 Kg7 23. Qg4 Bxg3 24. hxg3 Ne6 25. Qe4 Qc7 26.
d5 cxd5 27. Qxd5 Qb6 28. Qb3 Qa6+ 29. Kg1 Qe2 30. Be3 b6 31. Qa3 h5 32. b3 Qe1+ 33. Kh2 Qxc3 34. Qxa7 b5 35. Qb7 b4 36. Qe4 Kh7 37.
Qc4 Qe1 38. Bc5 h4 39. gxh4 Qe5+ 40. g3 Qxc5 41. Qe4 Qxf2+ 42. Kh3 Qf1+ 43. Kh2 Qf2+ 44. Kh3 Qd2 45. Qb7 Kg7 46. Qe4 Nd4 47. Qd5 Qd1 48. Kh2 Nf3+ 0-1

[Event "*** SCC Grand Prix: Titled Tuesday Blitz"]
[Site "Chess.com"]
[Date "2020.09.08"]
[Round "4"]
[White "Grineva_Marianna"]
[Black "amatatanav"]
[Result "0-1"]
[WhiteElo "2219"]
[BlackElo "2409"]
[TimeControl "180+1"]
[EndTime "10:40:16 PDT"]
[Termination "amatatanav won on time"]

1. e4 c5 2. Nf3 Nc6 3. d4 cxd4 4. Nxd4 g6 5. c4 Nf6 6. Nc3 d6 7. Be2 Nxd4 8. Qxd4 Bg7 9. Be3 O-O 10. Qd2 a5 11.
O-O a4 12. f3 Qa5 13. Rac1 Be6 14. Rfd1 Rfc8 15. b3 axb3 16. axb3 Qb4 17. Nd5 Qxd2 18. Rxd2 Nxd5 19. exd5 Bf5 20. g4 Bd7 21. Kf2 Ra3 22. Bd1 b5 23. c5 dxc5 24. Rxc5 Ra1 25. Rxc8+ Bxc8 26. Be2 Bc3 27. Rc2 b4 28. Bd2 Bb7 29.
Bxc3 bxc3 30. Rxc3 Bxd5 31. b4 Rb1 32. b5 Kg7 33.
Rc7 Kf6 34. Rc5 e6 35. h4 h6 36. Rc7 Rb2 37. Ke3 Rb3+ 38. Kd2 g5 39. hxg5+ hxg5 40. Rc3 Rb2+ 41. Ke3 Ke5 42. Rc5 f5 43. gxf5 exf5 0-1

[Event "*** SCC Grand Prix: Titled Tuesday Blitz"]
[Site "Chess.com"]
[Date "2020.09.08"]
[Round "4"]
[White "Shubinkirill2003"]
[Black "Gvetadze"]
[Result "1-0"]
[WhiteElo "2643"]
[BlackElo "2438"]
[TimeControl "180+1"]
[EndTime "10:40:17 PDT"]
[Termination "Shubinkirill2003 won on time"]

1. e4 c5 2. Nf3 g6 3. c4 Bg7 4. d4 cxd4 5. Nxd4 Nc6 6. Be3 Nf6 7. Nc3 O-O 8. f3 d6 9. Qd2 Nxd4 10. Bxd4 Nd7 11. Be3 a5 12. b3 Nc5 13. Rc1 Bd7 14. Be2 Bc6 15. O-O e6 16. Bh6 Qe7 17. Bxg7 Kxg7 18.
Kh1 f5 19. exf5 Rxf5 20. Rce1 Qf8 21. Bd3 Rf4 22. Bc2 Rd8 23. a3 e5 24. b4 axb4 25.
axb4 Rd4 26. Qe3 Ne6 27. Bb3 Nf4 28. Rd1 Qf6 29. b5 Rxd1 30. Rxd1 Qg5 31. Qf2 Be8 32. Ne4 Qe7 33. Qb6 Bf7 34. Rxd6 Ra8 35. Rd1 Ra3 36. Rb1 Qb4 37. Qc5 Qa5 38. Qxe5+ Kg8 39. Qxf4 Rxb3 40.
Rg1 Qb4 41. Qe5 1-0

[Event "*** SCC Grand Prix: Titled Tuesday Blitz"]
[Site "Chess.com"]
[Date "2020.09.08"]
[Round "4"]
[White "dbrankovic68"]
[Black "Jenia84"]
[Result "0-1"]
[WhiteElo "2430"]
[BlackElo "2314"]
[TimeControl "180+1"]
[EndTime "10:40:17 PDT"]
[Termination "Jenia84 won on time"]

1. e4 e5 2. Nf3 Nc6 3. c3 Nf6 4.
d4 exd4 5. e5 Ne4 6. cxd4 d5 7.
Bd3 Bb4+ 8. Nbd2 Bf5 9. Qe2 Nxd2 10. Bxd2 Bxd3 11. Qxd3 Bxd2+ 12. Qxd2 O-O 13. O-O f6 14. Rfe1 fxe5 15. Nxe5 Nxe5 16. Rxe5 c6 17. Rae1 Qf6 18. g3 h6 19. f4 a5 20. Qd3 a4 21. Kg2 Rac8 22. h4 b5 23. h5 Rc7 24. Kf3 Qf7 25.
Kg4 Qd7+ 26. f5 Qd8 27. Qe3 Rcf7 28. Re8 Qd7 29. Rxf8+ Kxf8 30. Qe5 Re7 31. Qxe7+ Qxe7 32. Rxe7 Kxe7 33. Kf4 Kf6 34. a3 Kf7 35. Ke5 Ke7 36. g4 Kd7 37. g5 hxg5 38. f6 gxf6+ 39. Kxf6 g4 40. h6 g3 41. h7 g2 42. h8=Q g1=Q 43.
Qh7+ Kc8 44. Ke6 Qxd4 0-1

[Event "*** SCC Grand Prix: Titled Tuesday Blitz"]
[Site "Chess.com"]
[Date "2020.09.08"]
[Round "4"]
[White "Konavets"]
[Black "Harsha_Bharathakoti"]
[Result "1-0"]
[WhiteElo "3072"]
[BlackElo "2807"]
[TimeControl "180+1"]
[EndTime "10:40:18 PDT"]
[Termination "Konavets won by resignation"]

1. d4 d5 2. Nf3 Nf6 3. Bf4 e6 4. e3 Bd6 5. Bg3 O-O 6. c4 c5 7. cxd5 Nxd5 8. Bd3 Nc6 9. O-O Bxg3 10. hxg3 cxd4 11. exd4 Bd7 12. Nc3 Nxc3 13. bxc3 Rc8 14. Re1 Ne7 15. Rc1 Ng6 16. Ne5 Bc6 17. Qh5 Re8 18. Re3 Qd5 19. Qh3 Re7 20. g4 Be8 21. Qh5 Rec7 22. Be4 Qa5 23. Rh3 Rxc3 24. Qxh7+ Kf8 25.
Rcxc3 Rxc3 26. Bxg6 Rxh3 27. gxh3 fxg6 28. Qh8+ Ke7 29.
Qxg7+ Kd8 30. Qxb7 Qxa2 31. Qb8+ Ke7 32. Qb4+ Kd8 33.
Qd6+ Kc8 34. Qf8 Qa4 35. Nxg6 Kb7 36. Qe7+ Kb8 37. Ne5 Qd1+ 38. Kg2 Qa4 39. g5 Bb5 40. g6 Qxd4 41. Qg5 Qe4+ 42. Kh2 Bc6 43. Nxc6+ Qxc6 44. g7 Qd6+ 45. Qg3 1-0

[Event "*** SCC Grand Prix: Titled Tuesday Blitz"]
[Site "Chess.com"]
[Date "2020.09.08"]
[Round "4"]
[White "CHESSMASTER759"]
[Black "rpragchess"]
[Result "1-0"]
[WhiteElo "2622"]
[BlackElo "2836"]
[TimeControl "180+1"]
[EndTime "10:40:18 PDT"]
[Termination "CHESSMASTER759 won on time"]

1. e4 c6 2. d4 d5 3. Nc3 dxe4 4. Nxe4 Nf6 5. Nxf6+ exf6 6. Bc4 Bd6 7. Qe2+ Qe7 8.
Qxe7+ Kxe7 9. Ne2 Re8 10. Bf4 Be6 11. Bxe6 fxe6 12. Bxd6+ Kxd6 13. O-O-O Nd7 14. Rhe1 a5 15.
Nc3 a4 16. Ne4+ Kc7 17. a3 Ra5 18. g3 Rh5 19. h4 Rf5 20. f4 h5 21. Nc3 Ra5 22.
Ne4 b6 23. c3 Nf8 24. Nd2 Raa8 25. Nc4 Rad8 26. Re2 Re7 27. Rde1 Rde8 28. Nd2 Nd7 29.
Nf3 Kd6 30. Kc2 c5 31. dxc5+ bxc5 32. Nd2 Nb6 33. Ne4+ Kc6 34. Nd2 Nc8 35. Nc4 Kb5 36.
b3 axb3+ 37. Kxb3 Kc6 38. a4 Na7 39. Na5+ Kc7 40. Nc4 Nc6 41. Kc2 e5 42. Re4 f5 43.
R4e3 e4 44. Rb1 Ra8 45. Nb6 Rd8 46. Nc4 Red7 47. Re2 Rd3 48. Ne3 g6 49. Rb5 1-0

[Event "*** SCC Grand Prix: Titled Tuesday Blitz"]
[Site "Chess.com"]
[Date "2020.09.08"]
[Round "4"]
[White "OparinGrigoriy"]
[Black "GasconJR"]
[Result "0-1"]
[WhiteElo "2926"]
[BlackElo "2562"]
[TimeControl "180+1"]
[EndTime "10:40:18 PDT"]
[Termination "GasconJR won on time"]

1. d4 f5 2. Nf3 Nf6 3. c4 e6 4. g3 d5 5. Bg2 Bd6 6. O-O O-O 7. Nbd2 b6 8. b3 Bb7 9. Bb2 Nbd7 10. Qc2 Qe7 11.
cxd5 Bxd5 12. Nc4 Rac8 13. Rfd1 b5 14. Nce5 c5 15. Nxd7 Nxd7 16. dxc5 Nxc5 17. Qd2 Ne4 18. Qd3 b4 19. Rac1 Qb7 20. Rxc8 Rxc8 21. Nd2 Nc3 22. Bxd5 Qxd5 23. Re1 Nxa2 24. Nc4 Bf8 25. Qc2 a5 26. Rd1 Qe4 27. Qxe4 fxe4 28. Nxa5 Rc2 29. Be5 Nc3 30. Rd8 Kf7 31. Nc4 Rxe2 32. Rd7+ Kg6 33. h4 h5 34. Bf4 Bc5 35. Be3 Bxe3 36.
Nxe3 Rb2 37. Nc4 Rxb3 38. Rb7 Ne2+ 39. Kf1 Nd4 40. Na5 Rb2 41. Ke1 Nf3+ 42. Kd1 Rxf2 43. Rxb4 e3 44. Re4 Rd2+ 45. Kc1 e2 0-1

[Event "*** SCC Grand Prix: Titled Tuesday Blitz"]
[Site "Chess.com"]
[Date "2020.09.08"]
[Round "4"]
[White "RobertoJBM"]
[Black "serhanberat_ozdemir"]
[Result "1-0"]
[WhiteElo "2678"]
[BlackElo "2472"]
[TimeControl "180+1"]
[EndTime "10:40:18 PDT"]
[Termination "RobertoJBM won on time"]

1. d4 Nf6 2. c4 g6 3. Nc3 Bg7 4. e4 d6 5. Nf3 O-O 6. Be2 Bg4 7.
Be3 Nfd7 8. Rc1 c5 9. d5 Na6 10. O-O Nc7 11. Nd2 Bxe2 12. Qxe2 a6 13. f4 e6 14.
dxe6 Nxe6 15. Nf3 Nd4 16. Qd3 Nxf3+ 17. Rxf3 Bxc3 18. Rxc3 Qe7 19. Bf2 Rfe8 20. Re3 Nf6 21. Bh4 Qe6 22. f5 gxf5 23. exf5 Qxe3+ 24. Qxe3 Rxe3 25. Rxe3 Ne8 26. Re7 b5 27. b3 Ng7 28.
g4 bxc4 29. bxc4 h5 30. h3 hxg4 31. hxg4 Rb8 32. Bf6 Rb4 33. Kf2 Rxc4 34. Kg3 Ra4 35. Rd7 Ra3+ 36. Kf4 Ne8 37. Rd8 Ra4+ 38. Kf3 Kf8 39.
g5 Ra3+ 40. Kf4 Ra4+ 41. Kf3 Ra3+ 42. Ke4 Ra4+ 43. Kd5 Rf4 44. Kc6 Rxf5 45. Kd7 1-0

[Event "*** SCC Grand Prix: Titled Tuesday Blitz"]
[Site "Chess.com"]
[Date "2020.09.08"]
[Round "4"]
[White "SharapovEvgeny"]
[Black "northridgehawk"]
[Result "1-0"]
[WhiteElo "2484"]
[BlackElo "2310"]
[TimeControl "180+1"]
[EndTime "10:40:18 PDT"]
[Termination "SharapovEvgeny won on time"]

1. c4 Nf6 2. Nc3 g6 3. g3 d5 4. cxd5 Nxd5 5. Bg2 Nb6 6. Nf3 Bg7 7. O-O Nc6 8. d3 O-O 9. Be3 e5 10. Rc1 h6 11. a3 a5 12. Ne4 Nd5 13. Bd2 Nd4 14.
Nxd4 exd4 15. Qb3 c6 16. Nc5 Nb6 17. e4 dxe3 18. Bxe3 a4 19. Qc2 Nd5 20. Bd2 Re8 21. Rfe1 Nb6 22. Bc3 Bf8 23. Rxe8 Qxe8 24. Ne4 Bg7 25.
Nf6+ Bxf6 26. Bxf6 Be6 27. Qd2 Kh7 28. Qf4 Nd5 29.
Bxd5 Bxd5 30. Bc3 Qe6 31. Re1 Qh3 32. f3 Qf5 33. Qxf5 gxf5 34. Re7 c5 35. Kf2 Rc8 36.
Ke3 Kg6 37. Kf4 Rc6 38. Rxb7 Bb3 39. Rb8 f6 40. Rd8 Re6 41. h4 h5 42. Rc8 Rd6 43. Rxc5 Bc2 44. d4 Bd1 45. d5 Bb3 46. Rc6 Rxd5 47.
Rxf6+ Kh7 48. Rxf5 Rd3 49. Rxh5+ Kg6 50. Rg5+ Kf7 51.
Rf5+ Kg6 52. g4 Bd1 53. h5+ Kh7 54. Ke4 1-0

[Event "*** SCC Grand Prix: Titled Tuesday Blitz"]
[Site "Chess.com"]
[Date "2020.09.08"]
[Round "4"]
[White "Mambastik-Fantastic"]
[Black "chenxiaoyuer"]
[Result "0-1"]
[WhiteElo "2296"]
[BlackElo "2467"]
[TimeControl "180+1"]
[EndTime "10:40:18 PDT"]
[Termination "chenxiaoyuer won on time"]

1. e4 c5 2. Nf3 d6 3. d4 cxd4 4. Nxd4 Nf6 5. Nc3 Nc6 6. Be2 g6 7. O-O Bg7 8. Nb3 O-O 9. Bg5 Be6 10. Re1 Rc8 11. Bf1 h6 12. Bh4 g5 13. Bg3 Ng4 14. Qd2 Be5 15. Bxe5 Ngxe5 16. h4 f6 17. Nd5 Kg7 18. c3 Ng6 19. h5 Nge5 20. Nd4 Bf7 21.
f4 Nd7 22. Be2 e6 23. fxg5 hxg5 24. Ne3 Nde5 25. Bg4 Nxd4 26. cxd4 Nxg4 27. Nxg4 Bxh5 28. Ne3 Bg6 29. Ng4 Rh8 30. Rf1 f5 31. exf5 exf5 32.
Ne3 f4 33. Nd5 Qd7 34. Rae1 Rc2 35. Qb4 Qg4 36. Rf2 Rxf2 37. Kxf2 Qg3+ 38. Ke2 Qxg2+ 39. Kd1 Qxd5 40. Qc3 Rh2 41. Re7+ Kf6 42. Re1 Be4 43. Qc7 Kf5 0-1

[Event "*** SCC Grand Prix: Titled Tuesday Blitz"]
[Site "Chess.com"]
[Date "2020.09.08"]
[Round "4"]
[White "GelmanAlexander"]
[Black "OscarAng"]
[Result "1-0"]
[WhiteElo "2511"]
[BlackElo "2239"]
[TimeControl "180+1"]
[EndTime "10:40:19 PDT"]
[Termination "GelmanAlexander won by resignation"]

1. d4 d5 2. Nc3 Nf6 3. Bf4 c5 4. e3 Nc6 5. Nb5 e5 6. dxe5 a6 7. Nc3 d4 8. exf6 dxc3 9. Qxd8+ Kxd8 10. bxc3 gxf6 11. O-O-O+ Ke8 12. Bc4 Be6 13. Bd5 Rc8 14. Ne2 b5 15. e4 h5 16. Ng3 Bg4 17. f3 Be6 18. Rhe1 h4 19. Nf5 Ne5 20. Bxe5 fxe5 21.
Bxe6 fxe6 22. Nd6+ Bxd6 23. Rxd6 Ke7 24. Rxa6 Rhg8 25.
Re2 Ra8 26. Rxa8 Rxa8 27. Kb2 Rg8 28. Rd2 h3 29. g3 Rf8 30. Rf2 Kd6 31. f4 exf4 32.
Rxf4 Rd8 33. Rh4 Ke7 34. Rxh3 Rd2 35. Rh5 Kd6 36. h4 Rg2 37. Rg5 Rh2 38. h5 Rh3 39. g4 Ke7 40. Rg6 Kf7 41. e5 Rh4 42. c4 b4 43. a3 Rh3 44. axb4 cxb4 45. c5 Rc3 46. g5 Rxc5 47. Rf6+ Ke7 48. h6 Rxe5 49. Rg6 Re4 50.
Rg7+ Kd6 51. h7 Rh4 52. g6 e5 53. Rg8 e4 54. h8=Q Rxh8 55. Rxh8 e3 56. Re8 b3 57.
Rxe3 bxc2 58. Kxc2 1-0

[Event "*** SCC Grand Prix: Titled Tuesday Blitz"]
[Site "Chess.com"]
[Date "2020.09.08"]
[Round "4"]
[White "Thjop"]
[Black "kobemagic"]
[Result "0-1"]
[WhiteElo "2618"]
[BlackElo "2364"]
[TimeControl "180+1"]
[EndTime "10:40:19 PDT"]
[Termination "kobemagic won by resignation"]

1. d4 Nf6 2. g3 c5 3. dxc5 Qa5+ 4. Nc3 Qxc5 5. Bg2 g6 6. e4 d6 7. Nge2 Bg7 8. h3 O-O 9. O-O Nc6 10. Be3 Qa5 11. a3 Be6 12. b4 Qc7 13. f4 Bc4 14. Re1 Nd7 15. Rb1 b5 16. Qd2 Nb6 17. Nd4 Nxd4 18.
Bxd4 Rac8 19. f5 Bxd4+ 20. Qxd4 Nd7 21. Nd1 Qb6 22. c3 Ne5 23. Ne3 Rc7 24. Red1 Rfc8 25. g4 Bd3 26. Qxb6 axb6 27. Nd5 Bxb1 28. Nxc7 Rxc7 29.
Rxb1 Rxc3 30. Bf1 Rxa3 31. Bxb5 Rxh3 32. Be2 Re3 33. Kf2 Rxe4 34. b5 Kg7 35. Rc1 Rxg4 36.
Rc7 Rf4+ 37. Ke1 Rxf5 38. Rb7 h5 39. Rxb6 h4 40. Ra6 h3 41. Ra3 h2 42. Rh3 Rf4 43.
Rxh2 Rb4 44. Rh3 Rb1+ 45. Kf2 g5 46. Ra3 g4 47. Ra7 Kf6 48. Rb7 Rb2 49. b6 g3+ 50.
Ke3 g2 51. Kf2 Rxe2+ 0-1

[Event "*** SCC Grand Prix: Titled Tuesday Blitz"]
[Site "Chess.com"]
[Date "2020.09.08"]
[Round "4"]
[White "Sanan_Sjugirov"]
[Black "gmasterkiller"]
[Result "1-0"]
[WhiteElo "2841"]
[BlackElo "2551"]
[TimeControl "180+1"]
[EndTime "10:40:20 PDT"]
[Termination "Sanan_Sjugirov won by checkmate"]

1. e4 c5 2. Nf3 g6 3. d4 cxd4 4. Nxd4 Bg7 5. c4 Nc6 6. Be3 Nf6 7. Nc3 O-O 8. Be2 d6 9. O-O Nxd4 10. Bxd4 Bd7 11. Qd3 Bc6 12. Rad1 Nd7 13. Bxg7 Kxg7 14. b4 b6 15. f4 a5 16. a3 axb4 17.
axb4 Qc7 18. h4 Nf6 19. h5 Rfd8 20. Qe3 Qb7 21. h6+ Kg8 22. e5 dxe5 23. fxe5 Ne4 24.
Qf4 f5 25. Nxe4 Bxe4 26. e6 Rxd1 27. Rxd1 Qb8 28. Qxb8+ Rxb8 29. Kf2 Kf8 30. g4 Ke8 31. Ke3 Rd8 32. Rxd8+ Kxd8 33. Kd4 Kc7 34. Ke5 Bc2 35. g5 Be4 36. Bf1 Bc6 37. Be2 Be4 38. Bd1 Bd3 39.
Kd4 Be4 40. c5 bxc5+ 41. bxc5 Bc6 42. Ke5 Bb5 43. Kf4 Kc6 44. Bh5 Bc4 45. Bxg6 Bxe6 46. Bxh7 Kxc5 47. Bxf5 Kd4 48. Bxe6 Kc5 49. h7 Kd6 50.
h8=Q Kxe6 51. Qh6+ Kd5 52. g6 e5+ 53. Ke3 e4 54. g7 Ke5 55. g8=Q Kf5 56. Qgg5# 1-0

[Event "*** SCC Grand Prix: Titled Tuesday Blitz"]
[Site "Chess.com"]
[Date "2020.09.08"]
[Round "4"]
[White "Meri-Arabidze"]
[Black "Parhamov"]
[Result "0-1"]
[WhiteElo "2560"]
[BlackElo "2991"]
[TimeControl "180+1"]
[EndTime "10:40:20 PDT"]
[Termination "Parhamov won on time"]

1. d4 Nf6 2. c4 e6 3. Nf3 d5 4. Nc3 dxc4 5. e3 a6 6. a4 b6 7. Bxc4 Bb7 8. O-O Bb4 9. Bd2 O-O 10. Rc1 Qe7 11. Qe2 Nc6 12. Rfd1 Na5 13. Ba2 Rfd8 14. Nb1 Rac8 15. Qe1 Bxd2 16. Nbxd2 Nc6 17. Nc4 Nb4 18. Bb1 Bxf3 19. gxf3 Nd7 20. f4 g6 21.
Ne5 Nxe5 22. dxe5 a5 23. Be4 Rxd1 24. Rxd1 Rd8 25. Rd4 Rxd4 26. exd4 Qd7 27. Qc3 Qxa4 28. Qxc7 Qd1+ 29. Kg2 Qg4+ 30. Kf1 Qd1+ 31. Kg2 Qxd4 32. Kf3 h5 33. h3 Kg7 34. Qe7 Nd5 35. Bxd5 Qxd5+ 36. Kg3 b5 37. Qf6+ Kg8 38. Kh4 Qg2 39. Qe7 Qxf2+ 40.
Kg5 Qg3+ 0-1

[Event "*** SCC Grand Prix: Titled Tuesday Blitz"]
[Site "Chess.com"]
[Date "2020.09.08"]
[Round "4"]
[White "Tactictic"]
[Black "Volodar_Murzin"]
[Result "1-0"]
[WhiteElo "2362"]
[BlackElo "2613"]
[TimeControl "180+1"]
[EndTime "10:40:20 PDT"]
[Termination "Tactictic won on time"]

1. e4 c5 2. Nf3 d6 3. d4 cxd4 4.
Nxd4 Nf6 5. Nc3 a6 6. Be3 e5 7.
Nf3 Be7 8. Bc4 O-O 9. O-O Nc6 10. Bg5 Be6 11. Bb3 Nd7 12. Bxe7 Qxe7 13. Nd5 Bxd5 14. Bxd5 Nf6 15. c3 Rac8 16. Qd3 Rfd8 17. Nd2 Nxd5 18.
Qxd5 Qe6 19. Qxe6 fxe6 20. Rad1 b5 21. Nf3 h6 22. Rd2 Kf7 23. Rfd1 Ke7 24. h4 g6 25. g3 Rd7 26. Kg2 Rf8 27. Nh2 Nd8 28. Ng4 Nf7 29. f4 exf4 30. gxf4 Rc7 31. Ne3 Rc5 32. e5 d5 33. Rd4 h5 34. R1d3 Nh6 35. b3 Rfc8 36.
c4 bxc4 37. bxc4 dxc4 38. Rd7+ Kf8 39. R3d6 R5c6 40. Rd8+ Rxd8 41. Rxc6 1-0

[Event "*** SCC Grand Prix: Titled Tuesday Blitz"]
[Site "Chess.com"]
[Date "2020.09.08"]
[Round "4"]
[White "saraswathii"]
[Black "IveBeenThroughPain"]
[Result "1-0"]
[WhiteElo "2324"]
[BlackElo "2466"]
[TimeControl "180+1"]
[EndTime "10:40:20 PDT"]
[Termination "saraswathii won by resignation"]

1. e4 d6 2. d3 Nf6 3. Nf3 e5 4. g3 Be7 5. Bg2 O-O 6. O-O c6 7. c3 h6 8. Qe2 Nbd7 9. Nh4 Nc5 10. Be3 Ne8 11. Nf5 Bxf5 12. exf5 Nd7 13. Nd2 d5 14. f4 exf4 15. Bxf4 Bg5 16. Rae1 Bxf4 17. Rxf4 Nd6 18. Qf2 Nf6 19. h3 Qd7 20. g4 Rfe8 21. Rxe8+ Rxe8 22.
Qxa7 Re2 23. Rf2 Qe7 24. Qb8+ Nde8 25. Qf4 Re3 26. Rf3 Re1+ 27. Bf1 Nd6 28. Qg3 d4 29. Ne4 Rxe4 30. dxe4 Ndxe4 31. Qb8+ Kh7 32. cxd4 Qb4 33. Qe5 Qe1 34. Qf4 Qd1 35. Qe3 Nd2 36. Rf2 Nde4 37. Re2 Qa1 38. Qf3 Nd6 39. b3 Qxd4+ 40. Qf2 Qd5 41. Rd2 Qe5 42. Qh2 Nde4 43. Qxe5 Nxd2 44. Kf2 Nfe4+ 45. Ke3 Nxf1+ 46. Kxe4 1-0

[Event "*** SCC Grand Prix: Titled Tuesday Blitz"]
[Site "Chess.com"]
[Date "2020.09.08"]
[Round "4"]
[White "JesseKraai"]
[Black "Jumbo"]
[Result "0-1"]
[WhiteElo "2507"]
[BlackElo "2765"]
[TimeControl "180+1"]
[EndTime "10:40:21 PDT"]
[Termination "Jumbo won by resignation"]

1. d4 Nf6 2. c4 e6 3. Nc3 Bb4 4. e3 b6 5. Ne2 Ba6 6. a3 Bxc3+ 7.
Nxc3 d5 8. b3 O-O 9. Be2 c5 10.
dxc5 bxc5 11. O-O Nc6 12. Na4 Qe7 13. Bb2 dxc4 14. bxc4 Rab8 15. Qc2 Nd7 16. Rfd1 Nb6 17. Rd2 Rfd8 18. Rad1 Rxd2 19. Rxd2 f6 20. h3 Na5 21. Nxb6 axb6 22. Qe4 Bb7 23. Qg4 Nc6 24. h4 Rd8 25.
Rxd8+ Nxd8 26. h5 h6 27. Bd3 Nf7 28. Qg6 Kf8 29. Qh7 Qd8 30. Kf1 e5 31. Ke2 Ba6 32. f4 Qd7 33. Qg6 exf4 34. exf4 Qe6+ 35. Kd2 Bxc4 36. Be4 Qd6+ 37. Kc1 Qxf4+ 38. Kb1 Qg5 39. Qf5 Qxf5 40. Bxf5 Nd6 41. Bg6 Bd5 42. g3 Be4+ 43. Kc1 Bxg6 44. hxg6 Ke7 45. Kd2 Ke6 46. Ke3 Nf5+ 47.
Kf4 Ne7 0-1

[Event "*** SCC Grand Prix: Titled Tuesday Blitz"]
[Site "Chess.com"]
[Date "2020.09.08"]
[Round "4"]
[White "ChessPromotionAlex"]
[Black "Aborigen_came"]
[Result "0-1"]
[WhiteElo "2484"]
[BlackElo "2711"]
[TimeControl "180+1"]
[EndTime "10:40:21 PDT"]
[Termination "Aborigen_came won on time"]

1. e4 Nf6 2. e5 Nd5 3. d4 Nb6 4. Nf3 d5 5. Bb5+ Bd7 6. Bd3 e6 7. Bg5 Be7 8. h4 h6 9. Bxe7 Qxe7 10. c3 c5 11. dxc5 Qxc5 12. Nbd2 Nc6 13. Nb3 Qe7 14. Qe2 Na4 15. Nbd4 a6 16. O-O-O Nc5 17. Kb1 O-O-O 18.
g3 Kb8 19. h5 Na5 20. Rhe1 Rc8 21. Bc2 Nc4 22. Nd2 Bb5 23. Nxb5 axb5 24. Nf3 Na4 25. Bxa4 bxa4 26. Rd4 Qc5 27. Rc1 Rc6 28. Nd2 Nb6 29. Ka1 Qxd4 30. cxd4 Rxc1+ 31. Nb1 Rhc8 32. Qb5 Nc4 33.
Qb4 Rc6 34. a3 Rb6 35. Qf8+ Ka7 36. Qc5 Ka6 37. b4 axb3 38. a4 b2+ 39. Ka2 Rxb1 40. Kxb1 Nd2+ 41. Kc2 b1=Q+ 42. Kxd2 Qb4+ 0-1

[Event "*** SCC Grand Prix: Titled Tuesday Blitz"]
[Site "Chess.com"]
[Date "2020.09.08"]
[Round "4"]
[White "Nafania1"]
[Black "tylityli"]
[Result "1/2-1/2"]
[WhiteElo "2407"]
[BlackElo "2242"]
[TimeControl "180+1"]
[EndTime "10:40:21 PDT"]
[Termination "Game drawn by repetition"]

1. e4 e5 2. Nf3 Nc6 3. Bb5 a6 4. Ba4 Nf6 5. O-O b5 6. Bb3 Be7 7. Re1 d6 8. c3 O-O 9. d4 Nd7 10. Be3 Bf6 11. Nbd2 Na5 12. Bc2 Bb7 13. d5 c6 14. b4 Nc4 15. Nxc4 bxc4 16. dxc6 Bxc6 17. Nd2 d5 18. exd5 Bxd5 19. Ne4 Be6 20. Nxf6+ Nxf6 21.
Bc5 Qxd1 22. Raxd1 Rfd8 23. Rxe5 Rxd1+ 24. Bxd1 Rd8 25. Bd4 Nd5 26. Be2 Nxb4 27. Ra5 Nc2 28. Rxa6 Nxd4 29. cxd4 g5 30. h4 h6 31. hxg5 hxg5 32.
Rc6 Rxd4 33. a4 c3 34. a5 Ra4 35. a6 Ra2 36. Bf3 c2 37. Kh2 Kg7 38. Be4 Bb3 39. Bd3 Ra1 40. Bxc2 Bxc2 41. Rxc2 Rxa6 42. Kg3 Kg6 43.
f3 f6 44. Rc3 Rb6 45. Rc4 Rd6 46. Rc5 Ra6 47. Rc4 Rb6 48. Rc5 Ra6 49. Rc4 Rb6 50. Rc5 Ra6 1/2-1/2

[Event "*** SCC Grand Prix: Titled Tuesday Blitz"]
[Site "Chess.com"]
[Date "2020.09.08"]
[Round "4"]
[White "ShapkinAnatoliy"]
[Black "GadimbayliA"]
[Result "0-1"]
[WhiteElo "2660"]
[BlackElo "2893"]
[TimeControl "180+1"]
[EndTime "10:40:22 PDT"]
[Termination "GadimbayliA won by resignation"]

1. d4 d5 2. Nf3 Nc6 3. c4 e5 4. dxe5 d4 5. Nbd2 Nge7 6. a3 Ng6 7.
Nb3 Ngxe5 8. Nxe5 Nxe5 9. Qxd4 Qxd4 10. Nxd4 Nxc4 11. e3 Nd6 12. b4 g6 13. Bb2 Bg7 14. Be2 Bd7 15. O-O O-O-O 16. Rac1 Rhg8 17. Rc2 Ba4 18. Rd2 Ne4 19. Rd3 Rd7 20. Rc1 Rgd8 21. f3 Nf6 22. Kf2 Nd5 23. g3 a6 24. Rd2 h5 25.
Bc4 Nb6 26. Ba2 Nd5 27. Rc5 Nb6 28. Ke2 Bb5+ 29. Ke1 Na4 30. Ba1 Nxc5 31. bxc5 Bc6 32. Kf2 Ba4 33. Bc4 Bc6 34. Bc3 Bf8 35. Bb4 a5 36.
Bxa5 Bxc5 37. Bc3 Bd5 38. Bxd5 Rxd5 39. a4 Bxd4 40. Bxd4 Ra5 41. Ra2 b5 42. Rc2 Rxd4 43. exd4 bxa4 44. Ke3 a3 45. Ra2 Kd7 46. Kd3 Kd6 47.
Kc4 Ra8 48. h3 c6 49. g4 h4 50. f4 f6 51. f5 g5 52. Kb4 Kd5 53. Kc3 Ra4 54.
Kb3 Rxd4 55. Kxa3 Rd3+ 56. Kb4 c5+ 57. Kb5 Rb3+ 58. Ka4 Rxh3 59. Re2 Rg3 60. Re6 h3 61. Kb5 h2 0-1

[Event "*** SCC Grand Prix: Titled Tuesday Blitz"]
[Site "Chess.com"]
[Date "2020.09.08"]
[Round "4"]
[White "chigorin28"]
[Black "mfwagnerpeixoto"]
[Result "1-0"]
[WhiteElo "2436"]
[BlackElo "2254"]
[TimeControl "180+1"]
[EndTime "10:40:22 PDT"]
[Termination "chigorin28 won on time"]

1. e4 e5 2. Bc4 Nf6 3. d3 Nc6 4. Nf3 Be7 5. c3 O-O 6. O-O d6 7. Bb3 a6 8. Re1 Be6 9. Nbd2 Qd7 10. Nf1 Rfe8 11. Ng3 Bf8 12. Bg5 Be7 13. h3 h6 14.
Be3 d5 15. Qe2 d4 16. Bxe6 fxe6 17. cxd4 exd4 18. Bd2 Bf8 19. Rac1 Qf7 20. a3 Rad8 21. b4 Nd7 22. Nh2 Bd6 23. Rf1 Bf4 24. Bxf4 Qxf4 25. Nh5 Qf7 26. f4 Kh7 27. g4 g6 28.
Ng3 Rf8 29. e5 Qe7 30. Qe4 Nb6 31. Nf3 Nd5 32. Nxd4 Ndxb4 33. Nxc6 Nxc6 34. f5 gxf5 35. gxf5 Qg5 36. Kh2 Rd4 37. Qf3 Nxe5 38. Qxb7 Rxd3 39. Qxc7+ Rf7 40. Qxe5 Rd2+ 41. Kg1 Rg7 42. Rf3 Ra2 43.
Rcf1 Qd2 44. R3f2 Qg5 45. Rxa2 1-0

[Event "*** SCC Grand Prix: Titled Tuesday Blitz"]
[Site "Chess.com"]
[Date "2020.09.08"]
[Round "4"]
[White "reniite"]
[Black "Sacbutt"]
[Result "1/2-1/2"]
[WhiteElo "1896"]
[BlackElo "2213"]
[TimeControl "180+1"]
[EndTime "10:40:22 PDT"]
[Termination "Game drawn by repetition"]

1. e4 d5 2. exd5 Qxd5 3. Nc3 Qd6 4. d4 Nf6 5. Nf3 c6 6. Ne5 Nbd7 7. Nc4 Qc7 8. a4 Nb6 9. a5 Nxc4 10. Bxc4 Bg4 11. Qd3 e6 12. h3 Bf5 13. Qf3 Bd6 14. Bg5 Be7 15. Bf4 Qd8 16. a6 Qc8 17. axb7 Qxb7 18. O-O O-O 19. Bb3 Nd5 20. Be5 Bg6 21. Ne4 Qb6 22. c4 Bxe4 23. Qxe4 Qxb3 24. cxd5 cxd5 25.
Qg4 g6 26. f4 Rfc8 27. f5 exf5 28. Rxf5 Qe3+ 29. Kh1 Rc1+ 30. Rxc1 Qxc1+ 31. Kh2 Qc8 32. Rf4 Qxg4 33. Rxg4 Rc8 34. Rg3 f6 35. Bf4 Kf7 36. Rb3 Rc4 37. Be3 a5 38. Rb7 Ke6 39. Kg3 h5 40. Kf2 Rb4 41. Ra7 Rxb2+ 42. Kf3 Ra2 43.
Ra6+ Kf7 44. g4 hxg4+ 45. hxg4 a4 46. Ra7 Ra3 47. Kf2 Ke6 48. Ke2 Bd6 49. Ra6 Ra2+ 50. Kd3 g5 51. Bd2 Ra3+ 52. Kc2 Ra2+ 53. Kd3 Rxd2+ 54.
Kxd2 a3 55. Kd3 Kd7 56. Ra7+ Ke6 57. Ra6 Ke7 58. Ra7+ Ke6 59. Ra6 1/2-1/2

[Event "*** SCC Grand Prix: Titled Tuesday Blitz"]
[Site "Chess.com"]
[Date "2020.09.08"]
[Round "4"]
[White "Bhagya_2312"]
[Black "barriochess"]
[Result "1-0"]
[WhiteElo "2097"]
[BlackElo "2355"]
[TimeControl "180+1"]
[EndTime "10:40:23 PDT"]
[Termination "Bhagya_2312 won by resignation"]

1. e4 c5 2. Nf3 Nc6 3. d4 cxd4 4. Nxd4 e5 5. Nb5 d6 6. c4 Be7 7. N1c3 a6 8. Na3 f5 9. exf5 Bxf5 10. Bd3 Be6 11. O-O Nf6 12. Nc2 O-O 13. Ne3 Nd4 14.
Ncd5 Kh8 15. b3 Nxd5 16. cxd5 Bf7 17. Bb2 Bg5 18. Be4 Qe8 19. Qd3 Bg8 20. Rac1 Qh5 21. Bxd4 exd4 22. Qxd4 Bf6 23. Qd3 Be5 24. g3 Rac8 25.
Nc4 Qh6 26. Rce1 Rce8 27. f4 Bf6 28. Nxd6 Rb8 29. Nf5 Qh3 30. d6 Rfd8 31. Bg2 Qg4 32.
h3 Qg6 33. g4 Qf7 34. Be4 g6 35. Nh6 Qd7 36. Nxg8 Kxg8 37. g5 Bg7 38. Bd5+ Kh8 39. Re6 Rbc8 40. Rfe1 Rc3 41. Qe4 Rg3+ 42. Kh2 Rc3 43.
Re8+ Rxe8 44. Qxe8+ Qxe8 45. Rxe8+ 1-0